 Dungeon Crawl Stone Soup version 0.19.4-10-g532645f (console) character file.

311 Grinner the Ruffian (level 6, -1/59 HPs)
             Began as a Troll Monk on Feb 23, 2017.
             Slain by a giant cockroach (2 damage)
             ... on level 4 of the Dungeon.
             The game lasted 00:04:47 (2271 turns).

Grinner the Ruffian (Troll Monk)                    Turns: 2271, Time: 00:04:48

Health: -1/59      AC:  5    Str: 20    XL:     6   Next: 18%
Magic:  5/5        EV: 11    Int:  6    God:
Gold:   186        SH:  0    Dex: 14    Spells: 0 memorised, 5 levels left

rFire  x . .     SeeInvis .       - Unarmed
rCold  + . .     Gourm    +     a - +0 robe
rNeg   . . .     Faith    .     (no shield)
rPois  .         Spirit   .     (helmet restricted)
rElec  .         Reflect  .     (no cloak)
rCorr  .         Harm     .     (gloves unavailable)
MR     .....                    (boots unavailable)
Stlth  ++........               m - amulet of inaccuracy (curse)
                                (no ring)
                                l - ring of ice

@: very slightly contaminated, slowed, invisible, very slow
A: unfitting armour, claws 3, fast metabolism 3, gourmand, regeneration 1,
shaggy fur 1, tough skin 2
a: no special abilities


You were on level 4 of the Dungeon.
You were very full.

You visited 1 branch of the dungeon, and saw 4 of its levels.

You collected 186 gold pieces.

Inventory:

Armour
 a - a +0 robe (worn)
Jewellery
 l - a ring of ice (left claw)
 m - a cursed amulet of inaccuracy (around neck)
Scrolls
 h - 2 scrolls of amnesia
Potions
 c - a potion of haste
 d - a potion of invisibility
 e - a potion of curing
 f - 3 potions of flight {unknown}
 j - a potion of cure mutation
 o - a potion of heal wounds {unknown}
 p - 2 potions of resistance {unknown}
Comestibles
 b - 5 bread rations
 g - a slice of pizza
 i - 3 fruits
 n - 3 meat rations


   Skills:
 - Level 2.4 Fighting
 + Level 3.8 Dodging
 - Level 1.0 Stealth
 * Level 6.0 Unarmed Combat


You had 5 spell levels left.
You didn't know any spells.

Dungeon Overview and Level Annotations

Branches:
Dungeon (4/15)
 Temple: D:4-7

Altars:
Elyvilon

Annotations:
D:4 Eustachio, Natasha


Innate Abilities, Weirdness & Mutations

You are too large for most types of armour.
You have claws for hands.
Your metabolism is lightning-fast.
You like to eat raw meat.
Your natural rate of healing is unusually fast.
You are covered in fur. (AC +1)
You have very tough skin. (AC +2)


Message History

The leopard gecko closely misses you. The ufetubus completely misses you. x2
The giant cockroach closely misses you. Natasha claws you!
* * * LOW HITPOINT WARNING * * *
The iron imp hits you.
* * * LOW HITPOINT WARNING * * *
Eustachio closely misses you.
You are very lightly contaminated with residual magic.
It was a potion of curing.
You feel better. The ufetubus closely misses you.
The ufetubus barely misses you. The leopard gecko barely misses you.
The giant cockroach bites you but does no damage.
Natasha completely misses you. The ufetubus completely misses you.
The ufetubus hits you.
* * * LOW HITPOINT WARNING * * *
Eustachio hits you with a rapier!
* * * LOW HITPOINT WARNING * * *
The leopard gecko bites you but does no damage.
The iron imp closely misses you.
The giant cockroach waves its antennae.
The giant cockroach bites you.
You die...

... ......
......
......
###....%.
#........
###SW......
#.lh55.....
#.#@s5.....
#.#5@......
#.#s.......
#.#....>...
#.#.(......
#.#########
#.# #(# #.#


You could see Eustachio, a phantom, an iron imp, a quasit, Natasha, an adder, a
white imp, an ufetubus, a leopard gecko and 2 giant cockroaches.

Vanquished Creatures
  An ogre (D:4)
  An orc priest (D:3)
  A worker ant (D:4)
  2 orc wizards (D:3)
  4 adders
  2 worms (D:3)
  5 dart slugs
  2 leopard geckos
  5 orcs (D:3)
  9 bats
  3 giant cockroaches
  10 goblins
  6 hobgoblins
  A ball python (D:4)
  2 ball python skeletons
  3 frilled lizards
  3 kobolds
  A leopard gecko skeleton (D:4)
  4 rats
65 creatures vanquished.

Notes
Turn   | Place    | Note
-------+----------+-------------------------------------------
     0 | D:1      | Grinner the Troll Monk began the quest for the Orb.
     0 | D:1      | Reached XP level 1. HP: 22/22 MP: 0/0
    65 | D:1      | Reached XP level 2. HP: 29/29 MP: 1/1
   793 | D:2      | Reached XP level 3. HP: 36/36 MP: 2/2
   887 | D:2      | Reached skill level 4 in Unarmed Combat
  1376 | D:3      | Reached XP level 4. HP: 42/44 MP: 3/3
  1538 | D:3      | Reached skill level 5 in Unarmed Combat
  1538 | D:3      | Reached XP level 5. HP: 36/50 MP: 4/4
  1660 | D:3      | Found a white marble altar of Elyvilon.
  2044 | D:4      | Noticed an ogre
  2051 | D:4      | Killed an ogre
  2051 | D:4      | Reached skill level 6 in Unarmed Combat
  2051 | D:4      | Reached XP level 6. HP: 37/59 MP: 5/5
  2257 | D:4      | Noticed Natasha
  2258 | D:4      | Noticed Eustachio
  2270 | D:4      | HP: 2/59 [Natasha (8)]
  2271 | D:4      | Slain by a giant cockroach

Skill      XL: |  1  2  3  4  5 |
---------------+----------------+-----
Unarmed Combat | 4 5 6 |  6.0
Dodging        | 3 |  3.8
Fighting       | |  2.4
Stealth        | |  1.0

Action                   |  1- 3 |  4- 6 || total
-------------------------+-------+-------++-------
Melee: Unarmed           |   105 |   101 ||   206
       Punch             |     2 |     3 ||     5
  Use: Scroll            |     5 |     3 ||     8
       Potion            |       |     2 ||     2
 Stab: Sleeping          |     3 |     2 ||     5
       Distracted        |     1 |       ||     1
  Eat: Chunk             |    12 |    12 ||    24
Armor: Robe              |    42 |    46 ||    88
Dodge: Dodged            |    59 |    74 ||   133
